 Dungeon Sprint DCSS version 0.30-a0-1161-g0704695555 (webtiles) character file.

Game seed: 16319329172254119245

467 sircluck the Cleaver (level 7, -1/106 HPs)
             Began as a Hill Orc Berserker on Apr 27, 2023.
             Was a High Priest of Trog.
             Slain by a nine-headed hydra (8 damage)
             ... in the Dungeon (Sprint VII: "The Pits").
             The game lasted 00:02:29 (813 turns).

sircluck the Cleaver (Hill Orc Berserker)            Turns: 813, Time: 00:02:31

Health: -1/106     AC: 12    Str: 22    XL:     7   Next: 8%
Magic:  2/2        EV: 10    Int:  7    God:    Trog [*****.]
Gold:   0          SH:  0    Dex: 10    Spells: 6/6 levels left

rFire   . . .        o - +2 executioner's axe (antimagic)
rCold   . . .        (shield currently unavailable)
rNeg    . . .        n - +3 chain mail
rPois   .            (no helmet)
rElec   .            (no cloak)
rCorr   .            (no gloves)
SInv    .            (no boots)
Will    .....        (no amulet) Stlth
                     (no ring)
HPRegen 0.37/turn    (no ring)
MPRegen 0.08/turn

%: no teleportation
@: berserking, very quick
A: no striking features
a: Renounce Religion, Berserk, Trog's Hand, Brothers in Arms


You were in the Dungeon.
You worshipped Trog.
Trog was extremely pleased with you.
You visited 1 branch

Inventory:

Hand Weapons
 a - a +0 hand axe
 l - a +2 hand axe
 m - a +1 hand axe of freezing
 o - a +2 antimagic executioner's axe (weapon)
Missiles
 k - 10 stones (quivered)
Armour
 b - a +0 animal skin
 n - a +3 chain mail (worn)
Scrolls
 h - a scroll of blinking
 j - a scroll of butterflies
Potions
 c - 6 potions of curing
 d - 6 potions of heal wounds
 e - a potion of haste
 f - 4 potions of magic
 g - 3 potions of berserk rage
 i - 2 potions of invisibility


   Skills:
 + Level 9.7 Fighting
 + Level 13.0 Axes
 + Level 4.7 Armour
 + Level 6.0 Dodging
 + Level 1.0 Stealth


You had 6 spell levels left.
You didn't know any spells.
Your spell library was empty.

Dungeon Overview and Level Annotations

Branches:
Dungeon (1/1)

Altars:
Ashenzari
Cheibriados
Dithmenos
Elyvilon
Fedhas
Gozag
Hepliaklqana
Kikubaaqudgha
Makhleb
Nemelex Xobeh
Okawaru
Qazlal
Ru
Sif Muna
Trog
Uskayaw
Vehumet
Wu Jian
Xom
Yredelemnul
Zin
The Shining One
Beogh
Jiyva
Lugonu


Message History

The six-headed hydra barely misses you.
You lop one of the six-headed hydra's heads off!
The five-headed hydra grows two more!
You chop the seven-headed hydra into pieces!!!
The seven-headed hydra is heavily wounded.
The seven-headed hydra bites you! x2
The seven-headed hydra bites you but does no damage. x5
You hack one of the seven-headed hydra's heads off!
The six-headed hydra grows two more!
You slice the eight-headed hydra!!
The eight-headed hydra is severely wounded.
The eight-headed hydra closely misses you.
The eight-headed hydra bites you.
The eight-headed hydra bites you but does no damage.
The eight-headed hydra bites you!
The eight-headed hydra bites you but does no damage.
The eight-headed hydra barely misses you.
The eight-headed hydra misses you. The eight-headed hydra bites you.
You barely miss the eight-headed hydra.
The eight-headed hydra is severely wounded.
The eight-headed hydra bites you!
The eight-headed hydra closely misses you.
The eight-headed hydra bites you but does no damage. x2
The eight-headed hydra bites you.
The eight-headed hydra bites you but does no damage.
The eight-headed hydra bites you!
* * * LOW HITPOINT WARNING * * *
The eight-headed hydra bites you but does no damage.
You slice one of the eight-headed hydra's heads off!
The seven-headed hydra grows two more!
You slice the nine-headed hydra!!
The nine-headed hydra is almost dead.
The nine-headed hydra bites you but does no damage. x3
The nine-headed hydra bites you!
* * * LOW HITPOINT WARNING * * *
The nine-headed hydra bites you.
* * * LOW HITPOINT WARNING * * *
The nine-headed hydra bites you!
* * * LOW HITPOINT WARNING * * *
The nine-headed hydra bites you but does no damage.
The nine-headed hydra bites you!
You die...

#.#........##.......#
#'###########.......#
#.......# #########
#..#.#..# #.##.##.#
#.......#+#
#.##.##.#.+
#..#.#..#D#
#.......'@#
###########


You could see a nine-headed hydra.

Vanquished Creatures
  A flying skull (D)
  A warg (D)
  A quasit (D)
  2 gnolls (D)
  3 ufetubi (D)
  A giant cockroach (D)
  7 jackals (D)
  A kobold (D)
  A quokka (D)
  A ball python skeleton (D)
  A rat (D)
20 creatures vanquished.

Vanquished Creatures (collateral kills)
  A gnoll sergeant (D)
  4 gnolls (D)
  A ball python skeleton (D)
6 creatures vanquished.

Grand Total: 26 creatures vanquished

Notes
Turn   | Place    | Note
-------+----------+-------------------------------------------
     0 | D        | sircluck the Hill Orc Berserker began the quest for the
                  | Orb.
     0 | D        | Reached XP level 1. HP: 19/19 MP: 1/1
    31 | D        | Reached ** piety under Trog
    37 | D        | Reached skill level 5 in Axes
    65 | D        | Found a bloodstained altar of Trog.
    65 | D        | Found a shimmering blue altar of Sif Muna.
    65 | D        | Found a viscous altar of Jiyva.
    65 | D        | Found a hazy altar of Hepliaklqana.
    65 | D        | Found an opulent altar of Gozag.
    66 | D        | Found a glowing golden altar of the Shining One.
    66 | D        | Found a glowing silver altar of Zin.
    66 | D        | Found a basalt altar of Yredelemnul.
    66 | D        | Found a shimmering altar of Xom.
    66 | D        | Found an ornate altar of the Wu Jian Council.
    66 | D        | Found a sacrificial altar of Ru.
    66 | D        | Found a stormy altar of Qazlal.
    66 | D        | Found an iron altar of Okawaru.
    66 | D        | Found a sparkling altar of Nemelex Xobeh.
    66 | D        | Found a burning altar of Makhleb.
    66 | D        | Found a blossoming altar of Fedhas.
    66 | D        | Found a white marble altar of Elyvilon.
    66 | D        | Found a shadowy altar of Dithmenos.
    66 | D        | Found a snail-covered altar of Cheibriados.
    68 | D        | Found a radiant altar of Vehumet.
    68 | D        | Found a corrupted altar of Lugonu.
    68 | D        | Found a roughly hewn altar of Beogh.
    69 | D        | Found a hide-covered altar of Uskayaw.
    69 | D        | Found an ancient bone altar of Kikubaaqudgha.
    69 | D        | Found a broken altar of Ashenzari.
   135 | D        | Reached XP level 2. HP: 28/28 MP: 2/2
   228 | D        | Reached *** piety under Trog
   229 | D        | Reached skill level 5 in Fighting
   237 | D        | Reached skill level 6 in Axes
   239 | D        | Reached **** piety under Trog
   240 | D        | Reached XP level 3. HP: 32/36 MP: 3/3
   274 | D        | Reached skill level 7 in Axes
   274 | D        | Reached XP level 4. HP: 16/45 MP: 4/4
   439 | D        | Noticed a flying skull
   459 | D        | Reached ***** piety under Trog
   460 | D        | Reached skill level 8 in Axes
   463 | D        | Killed a flying skull
   464 | D        | Reached skill level 11 in Axes
   464 | D        | Reached skill level 5 in Dodging
   464 | D        | Reached XP level 5. HP: 56/56 MP: 5/5
   464 | D        | Reached XP level 6. HP: 62/62 MP: 6/6
   487 | D        | Reached skill level 12 in Axes
   493 | D        | Received a gift from Trog
   662 | D        | Noticed a warg
   671 | D        | Killed a warg
   672 | D        | Reached skill level 13 in Axes
   672 | D        | Reached skill level 1 in Stealth
   672 | D        | Reached XP level 7. HP: 29/71 MP: 2/7
   808 | D        | Noticed a six-headed hydra
   813 | D        | Slain by a nine-headed hydra

Illustrated notes

Levels and vault maps discovered:
D:        pitsprint [storerooms_1, entrance_room_1, metal_vault_6, armoury_1,
          mini_pit_1, grid_room_1, main_hall_1, silver_pit, the_coven_3,
          the_vestibule_1, steel_vault_2, golden_pit, hallway_of_sentries,
          crystal_vault_6, iron_vault_4, final_vault]

Skill      XL: |  1  2  3  4  5  6 |
---------------+-------------------+-----
Fighting       | 4 5 6 8 9 |  9.7
Axes           | 5 6 7 11 13 | 13.0
Dodging        | 2 3 5 6 |  6.0
Armour         | 3 4 |  4.7
Stealth        | 1 |  1.0

Action                     |  1- 3 |  4- 6 |  7- 9 || total
---------------------------+-------+-------+-------++-------
  Melee: Hand axe          |    57 |    15 |       ||    72
         Punch             |     1 |       |       ||     1
         Executioner's axe |       |     9 |     4 ||    13
 Invoke: Berserk           |       |     1 |     1 ||     2
         Brothers in Arms  |       |     1 |       ||     1
 Armour: Animal skin       |    21 |       |       ||    21
         Chain mail        |       |    17 |    17 ||    34
  Dodge: Dodged            |    81 |     8 |     6 ||    95

Table legend: (Time is in decaauts)
 A = Elapsed time spent in this place.
 B = Non-inter-level travel time spent in this place.
 C = Inter-level travel time spent in this place.
 D = Time resting spent in this place.
 E = Time spent auto-exploring this place.
 F = Levels seen in this place.
 G = Mean time per level.
                   A        B        C        D        E       F      G
               +--------+--------+--------+--------+--------+-----+--------+
         Total |    818 |    818 |      0 |    361 |    212 |   1 |  818.0 |
       Dungeon |    818 |    818 |      0 |    361 |    212 |   1 |  818.0 |
               +--------+--------+--------+--------+--------+-----+--------+

Top non-repeatable levels by time:
       D: 818 daAuts
